Map: Ephemeron LE

Players

JazBas - Winner!

  • Race: Zerg Zerg
  • League: Grandmaster
  • Spawn Location: 11:00

HalfBreed

  • Race: Zerg Zerg
  • Spawn Location: 5:00

Event: NationWars 2019

VOD

Have the link to the VOD?

Description

Time

  • Played on: Sept. 28, 2019, 5:50 p.m.
  • Length: 5:29
Show
View Real Time Build Order
Export as new Build Order

JazBas Zerg - Winner!

Build Orders: Hatch First 

Get SALT Encoding   

  12  0:00  Drone  
  13  0:12  Overlord  
  13  0:17  Drone  
  14  0:31  Drone x2  
  16  0:48  Hatchery  
  15  0:51  Drone  
  15  0:55  Drone  
  17  0:59  Drone  
  18  1:05  Extractor  
  17  1:14  Spawning Pool  
  17  1:17  Drone  
  17  1:20  Drone  
  18  1:28  Drone  
  19  1:40  Overlord  
  19  1:53  Drone  
  20  2:02  Queen  
  20  2:04  Queen  
  20  2:05  Metabolic Boost  
  20  2:07  Zergling x2  
  20  2:08  Zergling x2  
  26  2:13  Drone  
  26  2:15  Drone  
  28  2:23  Drone x2  
  30  2:33  Drone x2  
  32  2:49  Hatchery, Overlord  
  31  2:54  Zergling x2  
  31  2:55  Zergling x2  
  33  2:59  Zergling x2  
  34  3:06  Zergling x4  
  36  3:19  Zergling x6  
  40  3:20  Zergling x6  
  40  3:26  Roach Warren  
  41  3:30  Overlord  
  39  3:41  Zergling x2  
  39  3:42  Zergling x4  
  39  3:48  Overlord  
  40  4:09  Drone x7  
  45  4:17  Roach  
  45  4:18  Roach  
  48  4:26  Roach x6  
  59  4:33  Roach x2  
  63  4:42  Roach  
  63  4:44  Overlord x2  
  65  4:51  Overlord  
  64  4:57  Overlord  
  64  5:04  Roach x4  
  64  5:05  Evolution Chamber  
Show
View Real Time Build Order
Export as new Build Order

HalfBreed Zerg 

Build Orders: Pool First 

Get SALT Encoding   

  12  0:01  Drone  
  13  0:13  Overlord  
  13  0:17  Drone  
  14  0:31  Drone x2  
  16  0:36  Drone  
  17  0:45  Spawning Pool  
  17  0:47  Drone  
  17  0:57  Drone  
  18  1:11  Hatchery  
  18  1:14  Extractor  
  17  1:18  Drone  
  17  1:32  Queen  
  17  1:34  Drone  
  17  1:37  Drone  
  21  1:42  Drone  
  22  1:52  Overlord  
  22  2:09  Queen  
  22  2:12  Drone  
  22  2:13  Drone  
  26  2:21  Metabolic Boost  
  26  2:25  Drone  
  26  2:26  Drone  
  28  2:36  Drone x2  
  30  2:41  Zergling x4  
  32  2:44  Hatchery  
  31  2:52  Baneling Nest  
  31  2:54  Overlord  
  31  2:58  Drone x2  
  32  3:02  Zergling x2  
  32  3:05  Drone  
  34  3:08  Drone  
  35  3:21  Drone  
  35  3:22  Drone x6  
  35  3:26  Overlord  
  42  3:30  Zergling x2  
  43  3:36  Zergling x2  
  42  3:42  Zergling x2  
  42  3:43  Zergling x2  
  42  3:46  Queen x2  
  45  3:49  Baneling x2  
  45  3:51  Zergling x4  
  44  4:00  Zergling x2  
  42  4:08  Zergling x2  
  42  4:09  Zergling x8  
  46  4:11  Baneling x2  
  46  4:15  Zergling x2  
  46  4:16  Zergling x2  
  38  4:29  Zergling x2  
  38  4:30  Zergling x6  
  39  4:37  Zergling x6  
  42  4:50  Zergling x2  
  42  4:51  Zergling x2  
  44  4:59  Baneling x2  
  44  5:01  Zergling x10  
  44  5:06  Baneling  
  49  5:07  Baneling x5  
  49  5:09  Baneling  
Tags
 
Add a new tag
Caveats
  • Supply blocks, unpowered buildings, or Contaminate may cause inaccurate times.
  • Supply counts are checked every 10 seconds.